 Dungeon Crawl Stone Soup version 0.19-a0-854-gc78d25d (webtiles) character file.

13 Implojin the Ruffian (level 2, -8/29 HPs)
             Began as a Troll Fighter on July 1, 2016.
             Killed by nerve-wracking pain
             ... invoked by Grinder
              (12 damage)
             ... on level 3 of the Dungeon.
             The game lasted 00:01:02 (204 turns).

Implojin the Ruffian (Troll Fighter)                 Turns: 204, Time: 00:01:02

Health: -8/29      AC:  5    Str: 28    XL:     2   Next: 24%
Magic:  1/1        EV:  8    Int:  4    God:
Gold:   12         SH:  9    Dex:  9    Spells: 0 memorised, 1 level left

rFire  . . .     SeeInvis .       - Unarmed
rCold  . . .     Gourm    +     a - +0 robe
rNeg   . . .     Faith    .     b - +0 shield
rPois  .         Spirit   .     (helmet restricted)
rElec  .         Dismiss  .     (no cloak)
rCorr  .         Reflect  .     (gloves unavailable)
SustAt .         Harm     .     (boots unavailable)
MR     .....                    (no amulet)
Stlth  +.........               (no ring)
                                (no ring)

@: mighty, not resistant to hostile enchantments, very unstealthy
A: unfitting armour, claws 3, fast metabolism 3, gourmand, regeneration 2,
shaggy fur 1, tough skin 2
a: no special abilities


You were on level 3 of the Dungeon.
You were not hungry.

You visited 1 branch of the dungeon, and saw 3 of its levels.

You collected 12 gold pieces.

Inventory:

Missiles
 g - a throwing net (quivered)
 h - 2 javelins
Armour
 a - a +0 robe (worn)
 b - a +0 shield (worn)
Potions
 e - a potion of curing {unknown}
 f - a potion of flight {unknown}
 i - a potion of lignification {unknown}
Comestibles
 d - 2 bread rations


   Skills:
 - Level 2.4 Fighting
 - Level 2.4 Dodging
 - Level 2.4 Shields
 * Level 3.0 Unarmed Combat


You had one spell level left.
You didn't know any spells.

Dungeon Overview and Level Annotations

Branches:
Dungeon (3/15)

Altars:
Dithmenos

Annotations:
D:3 Grinder


Innate Abilities, Weirdness & Mutations

You are too large for most types of armour.
You have claws for hands.
Your metabolism is lightning-fast.
You like to eat raw meat.
You heal very quickly.
You are covered in fur. (AC +1)
You have very tough skin. (AC +2)


Message History

You kill the giant cockroach!
Your Unarmed Combat skill increases to level 3!
A bat comes into view.
The bat completely misses you. The bat hits you but does no damage.
The teleport trap disappears.
The bat disappears!
Found 12 gold pieces.
Found a ring mail.
Found 2 javelins.
You now have 12 gold pieces.
There are no items here.
You see here 2 javelins.
h - 2 javelins You see here a ring mail.
Found a metallic green potion.
i - a metallic green potion Grinder comes into view.
Grinder shouts!
Grinder rolls her eyes.
Grinder blinks!
You barely miss Grinder. Grinder hits you.
You writhe in agony.
Unknown command.
You closely miss Grinder.
Grinder says, "You look like you could use a good racking."
Grinder hits you but does no damage.
You barely miss Grinder. Grinder gestures at you.
Pain shoots through your body!
* * * LOW HITPOINT WARNING * * *
Unknown command.
You scratch Grinder but do no damage. Grinder hits you but does no damage.
You closely miss Grinder. Grinder hits you.
* * * LOW HITPOINT WARNING * * *
You writhe in agony.
* * * LOW HITPOINT WARNING * * *
Unknown command.
You feel very mighty all of a sudden. Grinder gestures at you.
Pain shoots through your body!
You die...

#..# ... ##
#..# ... #..#
...# #..# ##..#
#...# #.#.#
#.#.#####.####
..#...@5......
####..####.####
#..# #..# #..#
...# .....
###.#


You could see Grinder.

Vanquished Creatures
  A gnoll (D:2)
  A giant cockroach (D:3)
  A goblin (D:2)
  A rat (D:2)
4 creatures vanquished.

Notes
Turn   | Place    | Note
-------+----------+-------------------------------------------
     0 | D:1      | Implojin the Troll Fighter began the quest for the Orb.
     0 | D:1      | Reached XP level 1. HP: 22/22 MP: 0/0
    90 | D:2      | Found a shadowy altar of Dithmenos.
   138 | D:2      | Reached XP level 2. HP: 11/29 MP: 1/1
   155 | D:3      | Reached skill level 3 in Unarmed Combat
   195 | D:3      | Noticed Grinder
   204 | D:3      | Killed from afar by Grinder

Vault maps used:
D:1:      wheals_arrival_shading
D:2:      grunt_dithmenos_smoke
D:3:      first_bread, uniq_grinder

Skill      XL: |  1  2 |
---------------+-------+-----
Unarmed Combat | 3 |  3.0
Fighting       | |  2.4
Dodging        | |  2.4
Shields        | |  2.4

Action                   || total
-------------------------++-------
Melee: Unarmed           ||    19
  Use: Potion            ||     1
Armor: Robe              ||     5
Dodge: Dodged            ||     5
Block: Shield            ||     5

Table legend:
 A = Turns spent in this place as a percentage of turns spent in the entire game.
 B = Non-inter-level travel turns spent in this place as a percentage of non-inter-level travel turns spent in the entire game.
 C = Inter-level travel turns spent in this place as a percentage of turns spent in this place.
 D = Turns resting spent in this place as a percentage of non-inter-level travel turns spent in this place.
 E = Turns spent auto-exploring this place as a percentage of non-inter-level travel turns spent in this place.
 F = Non-inter-level travel turns spent in this place divided by the number of levels of this place that you've seen.
                   A       B       C       D       E      F
               +-------+-------+-------+-------+-------+----------------------
         Total | 100.0 | 100.0 |   0.0 |   0.0 |   0.0 |  70.0
       Dungeon | 100.0 | 100.0 |   0.0 |   0.0 |   0.0 |  70.0
               +-------+-------+-------+-------+-------+----------------------

Table legend:
 A = Kills in this place as a percentage of kills in entire the game.
 B = Kills by you in this place as a percentage of kills by you in the entire game.
 C = Kills by friends in this place as a percentage of kills by friends in the entire game.
 D = Other kills in this place as a percentage of other kills in the entire game.
 E = Experience gained in this place as a percentage of experience gained in the entire game.
 F = Experience gained in this place divided by the number of levels of this place that you have seen.
                   A       B       C       D       E      F
               +-------+-------+-------+-------+-------+----------------------
         Total | 100.0 | 100.0 |  -nan |  -nan | 100.0 |   6.3
       Dungeon | 100.0 | 100.0 |  -nan |  -nan | 100.0 |   6.3
               +-------+-------+-------+-------+-------+----------------------
